 Dungeon Crawl Stone Soup version 0.31-a0-435-g2c6fae2916 (webtiles) character file.

Game seed: 16421190291807125494

19183 CraigForest the Cruncher (level 13, 0/96 HPs)
             Began as a Formicid Fighter on Aug 2, 2023.
             Was the Champion of Jiyva.
             Slain by a catoblepas (6 damage)
             ... while petrified by a catoblepas
             ... on level 13 of the Dungeon.
             The game lasted 00:39:39 (10176 turns).

CraigForest the Cruncher (Formicid Fighter)        Turns: 10176, Time: 00:39:40

Health: 0/96       AC: 14    Str: 31    XL:     13   Next: 2%
Magic:  13/13      EV:  2    Int:  7    God:    Jiyva [******]
Gold:   704        SH:  0    Dex: 17    Spells: 12/12 levels left

rFire   . . .        C - +0 glaive
rCold   . . .        B - +2 kite shield
rNeg    + + +        K - +0 swamp dragon scales
rPois   ∞            (helmet unavailable)
rElec   .            f - +1 cloak
rCorr   +            L - +0 pair of gloves
SInv    +            (no boots)
Will    +....        (no amulet)
Stlth   ++           q - +5 ring of evasion
HPRegen 1.96/turn    v - +6 ring of strength
MPRegen 0.63/turn

%: no passive effects
@: petrified
A: permanent stasis, dig shafts and tunnels, antennae 3, four strong arms,
talons 2, agile 1, gelatinous body 1, translucent skin 3, tendrils
a: Dig, Shaft Self, Renounce Religion, Oozemancy, Slimify


You were on level 13 of the Dungeon.
You worshipped Jiyva.
Jiyva was exalted by your worship.
You visited 1 branch of the dungeon, and saw 13 of its levels.
You also visited: Sewer and Ossuary.

You collected 704 gold pieces.

Inventory:

Hand Weapons
 a - a +1 quarterstaff
 j - a +2 scimitar of electrocution
 s - a +0 long sword
 A - a +0 spear of flaming
 C - a +0 glaive (weapon)
 D - the +9 staff of Olgreb {rPois∞}
   (You found it on level 8 of the Dungeon)

   It enhances your poison magic.
   It grants immunity to poison.
   It can be activated via the 'a'bility menu to radiate toxic energy, with
   effectiveness depending on Evocations skill.
 M - the +5 dagger of Laamp {freeze, Dex+5}
   (You found it on level 2 of the Dungeon)

   Dex:       It affects your dexterity (+5).
Missiles
 g - 31 poisoned darts
 h - 9 javelins
 l - a curare-tipped dart
 O - 4 throwing nets
Armour
 b - a +0 scale mail
 c - a +0 buckler
 d - a +0 troll leather armour
 f - a +1 cloak (worn)
 x - the +1 robe of the Mpinguari {rC+ rN+}
   (You found it on level 2 of the Dungeon)

   rC:        It protects you from cold.
   rN:        It protects you from negative energy.
 B - a +2 kite shield (worn)
 K - +0 swamp dragon scales (worn)
 L - a +0 pair of gloves (worn)
 S - +0 acid dragon scales
Jewellery
 k - a +4 ring of slaying
 n - an amulet of faith
 o - a +6 ring of dexterity
 p - an amulet of magic regeneration
 q - a +5 ring of evasion (left hand)
 t - a ring of protection from cold
 u - a +6 ring of dexterity
 v - a +6 ring of strength (right hand)
 P - an amulet of guardian spirit
Wands
 N - a wand of flame (28)
 Q - a wand of acid (2)
Scrolls
 y - 2 scrolls of fog
 R - 4 scrolls of identify
Potions
 e - 4 potions of heal wounds
 i - a potion of attraction
 m - a potion of berserk rage
 r - 3 potions of haste
 w - 5 potions of curing
 z - 3 potions of brilliance
 E - 2 potions of invisibility
 F - 3 potions of degeneration
 G - 2 potions of cancellation
 H - a potion of magic
 I - a potion of lignification
 J - a potion of enlightenment
Miscellaneous
 T - a condenser vane


   Skills:
 - Level 7.0 Fighting
 + Level 4.3 Short Blades
 + Level 7.5(11.4) Polearms
 + Level 13.3(14.1) Staves
 - Level 8.0 Armour
 + Level 7.3 Dodging
 - Level 9.0 Shields


You had 12 spell levels left.
You didn't know any spells.
Your spell library contained the following spells:

 Spells                   Type           Power      Damage    Failure   Level
 Kiss of Death            Conj/Necr      0%         2d5       69%         1
 Lesser Beckoning         Tloc           0%         N/A       83%         2
 Momentum Strike          Conj/Tloc      0%         3d8       83%         2
 Confusing Touch          Hex            0%         N/A       96%         3
 Frozen Ramparts          Ice            0%         1d1       96%         3
 Gell's Gravitas          Tloc           0%         N/A       96%         3
 Inner Flame              Hex/Fire       0%         N/A       96%         3
 Teleport Other           Tloc           0%         N/A       96%         3
 Dispel Undead            Necr           0%         3d6       100%        4
 Flame Wave               Conj/Fire      0%         2d4       100%        4
 Petrify                  Tmut/Erth      0%         N/A       100%        4
 Sticky Flame             Conj/Fire      0%         2d3       100%        4
 Metabolic Englaciation   Hex/Ice        0%         N/A       100%        5
 Blink                    Tloc           Unusable   N/A       N/A         2

Dungeon Overview and Level Annotations

Branches:
Dungeon (13/15)            Temple (0/1) D:4            Lair (0/5) D:8
    Orc (0/2) D:9           Sewer (visited)         Ossuary (visited)
 Vaults: D:13-14

Altars:
Ashenzari
Dithmenos
Elyvilon
Kikubaaqudgha
Makhleb
Nemelex Xobeh
Sif Muna
Trog
Vehumet
Wu Jian
Xom
Zin
The Shining One
Jiyva

Shops:
D:8 [

Annotations:
D:8 1 runed translucent door


Innate Abilities, Weirdness & Mutations

You cannot be hasted, slowed, berserked, paralysed or teleported.
You can dig through walls and to a lower floor.
You have a pair of large antennae on your head. (SInv)
Your four strong arms can wield two-handed weapons with a shield.
You have razor-sharp toenails.
You are agile. (Dex +4, Str/Int -1)
Your rubbery body absorbs attacks. (AC +1, EV +1)
Your transparent skin significantly reduces your foes' accuracy. (Stealth+)
You are covered in slimy tendrils that may disarm your opponents.


Message History

You turn to flesh and can move again.
You slash the catoblepas! You claw the catoblepas.
The catoblepas is severely wounded.
You are engulfed in calcifying dust.
You are slowing down.
The catoblepas gores you.
You barely miss the catoblepas.
The catoblepas is severely wounded.
You are engulfed in calcifying dust.
The catoblepas gores you! You block the catoblepas's attack.
You have turned to stone.
The catoblepas gores you!! x2
The catoblepas gores you.
The catoblepas gores you but does no damage.
The catoblepas breathes a plume of calcifying dust at you.
The blast of calcifying dust hits you!
You are engulfed in calcifying dust.
The catoblepas gores you!
You turn to flesh and can move again.
You hit the catoblepas but do no damage.
The catoblepas is heavily wounded.
You are engulfed in calcifying dust.
You are slowing down.
The catoblepas gores you but does no damage.
You slash the catoblepas!
You claw the catoblepas, but do no damage.
The catoblepas is severely wounded.
You are engulfed in calcifying dust.
The catoblepas breathes a plume of calcifying dust at you.
The blast of calcifying dust hits you but does no damage.
The catoblepas gores you.
You have turned to stone.
The catoblepas gores you!
The catoblepas breathes a plume of calcifying dust at you.
The blast of calcifying dust hits you.
You are engulfed in calcifying dust.
The catoblepas gores you!!
* * * LOW HITPOINT WARNING * * *
You are engulfed in calcifying dust.
The catoblepas gores you!!
* * * LOW HITPOINT WARNING * * *
You are engulfed in calcifying dust.
The catoblepas gores you!!
* * * LOW HITPOINT WARNING * * *
You are engulfed in calcifying dust.
The catoblepas gores you!
You die... # #.########. #.Y@§.>§§.. ###########

You could see a catoblepas.

Vanquished Creatures
  Gastronok (D:11)
  Snorg (D:12)
  Josephine (D:11)
  Harold (D:11)
  3 two-headed ogres
  A boulder beetle (D:7)
  A deep elf pyromancer (D:12)
  The ghost of lunkers the Martial Artist, a novice MeSh of Okawaru (D:6)
  2 cyclopes (D:12)
  Maurice (D:8)
  Maggie (D:6)
  2 kobold demonologists (D:10)
  A komodo dragon (D:11)
  5 trolls
  A shadow (D:11)
  4 wraiths (D:11)
  21 yaks
  2 wyverns
  A redback (D:8)
  Grum (D:11)
  A steam dragon (D:10)
  8 vampire mosquitoes
  3 water moccasins
  2 acid dragons
  Duvessa (D:6)
  A black bear (D:6)
  A sky beast (D:6)
  2 ogres
  2 centaurs
  3 wolves (D:11)
  2 phantoms
  2 kobold brigands
  Blork the orc (D:5)
  A gnoll sergeant (D:5)
  9 scorpions
  Dowan (D:6)
  15 killer bees (D:8)
  4 howler monkeys
  An electric eel (D:10)
  A gnoll bouda (D:7)
  3 hounds
  5 orc priests
  7 iguanas
  9 orc wizards
  Natasha (twice) (D:4)
  A sleepcap (D:5)
  A hell rat (Sewer)
  Terence (D:3)
  3 mummies
  11 gnolls
  15 adders
  5 river rats
  3 white imps
  An adder zombie (Ossuary)
  6 dart slugs
  2 worms (D:3)
  18 orcs
  4 ball pythons
  9 endoplasms
  2 giant cockroaches
  4 gnoll zombies (Ossuary)
  7 hobgoblins
  4 jackals (D:1)
  5 quokkas
  5 bats
  4 frilled lizards
  7 goblins
  2 hobgoblin zombies (Ossuary)
  20 kobolds
  3 kobold zombies (Ossuary)
  10 orc zombies (Ossuary)
  15 rats
307 creatures vanquished.

Vanquished Creatures (collateral kills)
  A steam dragon (D:6)
1 creature vanquished.

Vanquished Creatures (others)
  A wyvern (D:11)
  A warg (shapeshifter) (D:8)
  An ice beast (D:8)
  A bullfrog (D:8)
  3 killer bees (D:11)
  A howler monkey (D:6)
  An electric eel (D:10)
  11 jellies
  2 orc priests
  Natasha (D:4)
  3 orc wizards
  3 adders (D:4)
  An ufetubus (D:4)
  A dart slug (D:3)
  15 orcs
  3 bats (D:3)
  A giant cockroach (D:3)
  4 jackals (D:3)
  A kobold (D:3)
  2 quokkas (D:4)
  A ball python (D:3)
  A rat (D:3)
59 creatures vanquished.

Grand Total: 367 creatures vanquished

Notes
Turn   | Place    | Note
-------+----------+-------------------------------------------
     0 | D:1      | CraigForest the Formicid Fighter began the quest for the
                  | Orb.
     0 | D:1      | Reached XP level 1. HP: 18/18 MP: 1/1
   180 | D:1      | Reached XP level 2. HP: 24/24 MP: 2/2
   266 | D:1      | Reached XP level 3. HP: 29/29 MP: 3/3
   684 | D:2      | Identified the +5 dagger of Laamp {freeze, Dex+5}
   741 | D:2      | Reached XP level 4. HP: 37/37 MP: 4/4
  1133 | D:2      | Reached skill level 3 in Staves
  1143 | D:2      | Found a radiant altar of Vehumet.
  1253 | D:2      | Identified the +1 robe of the Mpinguari {rC+ rN+}
  1408 | D:3      | Noticed Terence
  1418 | D:3      | Killed Terence
  1419 | D:3      | Reached XP level 5. HP: 35/42 MP: 5/5
  1498 | D:3      | Found a faded altar of an unknown god.
  1514 | D:3      | Prayed at the altar of an unknown god.
  1514 | D:3      | Became a worshipper of Jiyva Jefeuf the Shapeless
  1514 | D:3      | Reached * piety under Jiyva
  1569 | D:3      | Reached skill level 1 in Dodging
  1574 | D:3      | Reached skill level 1 in Short Blades
  1599 | D:3      | Found a glowing drain.
  1651 | Sewer    | Entered a sewer
  1669 | Sewer    | Reached XP level 6. HP: 48/48 MP: 6/6
  1967 | D:3      | Reached ** piety under Jiyva
  2283 | D:3      | Found a shimmering blue altar of Sif Muna.
  2441 | D:4      | Noticed Natasha
  2447 | D:4      | Killed Natasha
  2448 | D:4      | Reached skill level 5 in Shields
  2459 | D:4      | Found a sparkling altar of Nemelex Xobeh.
  2469 | D:4      | Noticed Natasha
  2475 | D:4      | Killed Natasha
  2476 | D:4      | Reached XP level 7. HP: 54/54 MP: 7/7
  2526 | D:4      | Found a staircase to the Ecumenical Temple.
  2598 | D:4      | Reached skill level 5 in Armour
  2637 | D:4      | Reached *** piety under Jiyva
  2665 | D:4      | Killed Natasha
  2804 | D:4      | Gained mutation: Your muscles are strong. (Str +4, Int/Dex
                  | -1) [Jiyva's grace]
  2804 | D:4      | Gained mutation: Your muscles are very strong. (Str +8,
                  | Int/Dex -2) [Jiyva's grace]
  2804 | D:4      | Gained mutation: You expend magic power (3 MP) to
                  | strengthen your wands. [Jiyva's grace]
  2804 | D:4      | Gained mutation: Armour fits poorly on your pseudopods.
                  | [Jiyva's grace]
  3039 | D:4      | Found a glowing golden altar of the Shining One.
  3406 | D:5      | Entered Level 5 of the Dungeon
  3406 | D:5      | Reached **** piety under Jiyva
  3435 | D:5      | Reached XP level 8. HP: 55/61 MP: 8/8
  3628 | D:5      | Noticed Blork the orc
  3634 | D:5      | HP: 3/61 [Blork the orc/+2 scimitar of electrocution (14)]
  3638 | D:5      | Killed Blork the orc
  3774 | D:5      | Reached skill level 4 in Staves
  3788 | D:5      | Found a sand-covered staircase.
  3799 | Ossuary  | Entered an ossuary
  3824 | Ossuary  | Reached ***** piety under Jiyva
  4292 | D:6      | Found a runed translucent gate.
  4292 | D:6      | Found a runed translucent gate.
  4293 | D:6      | Gained mutation: Your melee attacks may engulf your foes in
                  | ooze. [Jiyva's grace]
  4293 | D:6      | Gained mutation: Your rubbery body absorbs attacks. (AC +1,
                  | EV +1) [Jiyva's grace]
  4293 | D:6      | Gained mutation: Your pliable body absorbs attacks. (AC +2,
                  | EV +2) [Jiyva's grace]
  4293 | D:6      | Gained mutation: Your gelatinous body deflects attacks. (AC
                  | +3, EV +3) [Jiyva's grace]
  4314 | D:6      | Found a runed translucent gate.
  4317 | D:6      | Noticed lunkers's ghost (novice MeSh)
  4333 | D:6      | Reached skill level 5 in Staves
  4341 | D:6      | Reached skill level 5 in Fighting
  4341 | D:6      | Reached XP level 9. HP: 68/68 MP: 9/9
  4369 | D:6      | Killed lunkers's ghost
  4370 | D:6      | Reached skill level 6 in Staves
  4420 | D:6      | Noticed Duvessa
  4420 | D:6      | Noticed Dowan
  4429 | D:6      | Killed Duvessa
  4430 | D:6      | Reached skill level 7 in Staves
  4432 | D:6      | Killed Dowan
  4629 | D:6      | Found an ornate altar of the Wu Jian Council.
  4640 | D:6      | Found a burning altar of Makhleb.
  4640 | D:6      | Found a white marble altar of Elyvilon.
  4653 | D:6      | Found a broken altar of Ashenzari.
  4657 | D:6      | Found a shadowy altar of Dithmenos.
  4781 | D:6      | Noticed Maggie
  4791 | D:6      | Killed Maggie
  4974 | D:7      | Reached XP level 10. HP: 64/76 MP: 10/10
  5080 | D:7      | Found a bloodstained altar of Trog.
  5112 | D:7      | Noticed a boulder beetle
  5146 | D:7      | Killed a boulder beetle
  5147 | D:7      | Reached skill level 8 in Staves
  5382 | D:7      | Found a glowing silver altar of Zin.
  5538 | D:7      | Reached ****** piety under Jiyva
  5760 | D:8      | Lost mutation: Your muscles are very strong. (Str +8,
                  | Int/Dex -2) [Jiyva's grace]
  5760 | D:8      | Lost mutation: Your gelatinous body deflects attacks. (AC
                  | +3, EV +3) [Jiyva's grace]
  5760 | D:8      | Lost mutation: Armour fits poorly on your pseudopods.
                  | [Jiyva's grace]
  5760 | D:8      | Lost mutation: You expend magic power (3 MP) to strengthen
                  | your wands. [Jiyva's grace]
  5760 | D:8      | Gained mutation: You are robust. (+10% HP) [Jiyva's grace]
  5760 | D:8      | Gained mutation: You are very robust. (+20% HP) [Jiyva's
                  | grace]
  5760 | D:8      | Gained mutation: You are extremely robust. (+30% HP)
                  | [Jiyva's grace]
  5760 | D:8      | Gained mutation: Your system is resistant to poisons.
                  | (rPois) [Jiyva's grace]
  5760 | D:8      | Found a shimmering altar of Xom.
  5760 | D:8      | Found a shimmering altar of Xom.
  5760 | D:8      | Found a shimmering altar of Xom.
  5760 | D:8      | Found a shimmering altar of Xom.
  5760 | D:8      | Found a shimmering altar of Xom.
  5760 | D:8      | Found a shimmering altar of Xom.
  5760 | D:8      | Found a shimmering altar of Xom.
  5761 | D:8      | Found a shimmering altar of Xom.
  5761 | D:8      | Noticed Maurice
  5762 | D:8      | Found a shimmering altar of Xom.
  5774 | D:8      | Killed Maurice
  5896 | D:8      | Found a staircase to the Lair.
  5920 | D:8      | Reached skill level 9 in Staves
  6116 | D:8      | Found a runed translucent gate.
  6117 | D:8      | Found a runed translucent gate.
  6117 | D:8      | Found a runed translucent door.
  6128 | D:8      | Found a runed translucent door.
  6129 | D:8      | Found the +9 staff of Olgreb {rPois∞}
  6138 | D:8      | Found Seim's Antique Armour Boutique.
  6161 | D:8      | Found a runed translucent gate.
  6280 | D:8      | Reached XP level 11. HP: 109/109 MP: 11/11
  6737 | D:9      | Reached skill level 10 in Staves
  6744 | D:9      | Reached skill level 5 in Dodging
  6750 | D:9      | Found a staircase to the Orcish Mines.
  6932 | D:9      | Noticed a two-headed ogre
  6942 | D:9      | Killed a two-headed ogre
  6987 | D:9      | Found an ancient bone altar of Kikubaaqudgha.
  7327 | D:10     | Entered Level 10 of the Dungeon
  7368 | D:10     | Reached skill level 11 in Staves
  7911 | D:10     | Reached skill level 12 in Staves
  8608 | D:11     | Noticed Josephine
  8623 | D:11     | Killed Josephine
  8696 | D:11     | Reached XP level 12. HP: 118/118 MP: 12/12
  8877 | D:11     | Noticed Grum
  8884 | D:11     | Killed Grum
  8904 | D:11     | Reached skill level 13 in Staves
  8948 | D:11     | Lost mutation: You are extremely robust. (+30% HP) [Jiyva's
                  | grace]
  8948 | D:11     | Lost mutation: Your muscles are strong. (Str +4, Int/Dex
                  | -1) [Jiyva's grace]
  8948 | D:11     | Lost mutation: Your melee attacks may engulf your foes in
                  | ooze. [Jiyva's grace]
  8948 | D:11     | Gained mutation: You are covered in slimy tendrils that may
                  | disarm your opponents. [Jiyva's grace]
  8948 | D:11     | Gained mutation: You have sharp toenails. [Jiyva's grace]
  8948 | D:11     | Gained mutation: You have razor-sharp toenails. [Jiyva's
                  | grace]
  8948 | D:11     | Gained mutation: You have claws for feet. [Jiyva's grace]
  8958 | D:11     | Noticed Harold
  8970 | D:11     | Killed Harold
  9013 | D:11     | Noticed a two-headed ogre
  9021 | D:11     | Killed a two-headed ogre
  9022 | D:11     | Reached skill level 1 in Polearms
  9117 | D:11     | Noticed Gastronok
  9131 | D:11     | Killed Gastronok
  9534 | D:12     | Noticed Snorg
  9549 | D:12     | Killed Snorg
  9550 | D:12     | Reached skill level 5 in Polearms
  9710 | D:12     | Noticed a two-headed ogre
  9716 | D:12     | Killed a two-headed ogre
  9815 | D:12     | Reached XP level 13. HP: 115/115 MP: 13/13
 10101 | D:12     | Lost mutation: You have claws for feet. [Jiyva's grace]
 10101 | D:12     | Lost mutation: Your system is resistant to poisons. (rPois)
                  | [Jiyva's grace]
 10101 | D:12     | Lost mutation: You are very robust. (+20% HP) [Jiyva's
                  | grace]
 10101 | D:12     | Lost mutation: You are robust. (+10% HP) [Jiyva's grace]
 10101 | D:12     | Lost mutation: Your pliable body absorbs attacks. (AC +2,
                  | EV +2) [Jiyva's grace]
 10101 | D:12     | Gained mutation: Your translucent skin slightly reduces
                  | your foes' accuracy. (Stealth+) [Jiyva's grace]
 10101 | D:12     | Gained mutation: Your translucent skin reduces your foes'
                  | accuracy. (Stealth+) [Jiyva's grace]
 10101 | D:12     | Gained mutation: Your transparent skin significantly
                  | reduces your foes' accuracy. (Stealth+) [Jiyva's grace]
 10101 | D:12     | Gained mutation: You are agile. (Dex +4, Str/Int -1)
                  | [Jiyva's grace]
 10148 | D:13     | Noticed a catoblepas
 10175 | D:13     | HP: 4/96 [catoblepas (12)]
 10176 | D:13     | Slain by a catoblepas

Illustrated notes

Levels and vault maps discovered:
D:1:      minmay_arrival_four_circles, layout_basic
D:2:      minmay_inner_zag, layout_rooms, serial_glass, glass_columns_a,
          glass_columns_a, feat_on_display, minmay_strange_pillars,
          item_on_display_a, basic_altar, corner_web_ring
D:3:      layout_basic, mainiacjoe_overflow_alcove_2, lightli_sewer_entry_pipes,
          hellmonk_ecumenical_altar_pennies_from_heaven, kennysheep_orc_chapel,
          uniq_terence
D:4:      layout_rooms, mainiacjoe_overflow_small_starburst, tso_altar,
          minmay_temple_entry_mini_moons, nicolae_zen_rock_garden,
          minmay_door_square, grunt_decor_clamped, nzn_random_ring, uniq_natasha
D:5:      layout_basic, gup_ossuary_entry_pyramid, uniq_blork_the_orc
D:6:      layout_basic, minmay_overflow_temple_star_hex, gammafunk_ghost_split,
          minmay_tree_intersection, eino_curves_03, uniq_maggie, uniq_duvessa
D:7:      layout_loops_corners, kennysheep_mini, lemuel_round_altar
D:8:      layout_basic, xom_shifter_show, lair_entry_dummy, serial_shops,
          nicolae_shop_tiny_real_fake_doors, serial_glass, glass_columns_a,
          glass_columns_a, glass_columns_a, glass_columns_b, grunt_ministairs_7,
          minmay_guarded_unrand_staff_of_olgreb, uniq_maurice
D:9:      layout_basic, lemuel_round_altar, orc_0_dummy
D:10:     layout_loops_ring, water_boxes_lemuel
D:11:     nicolae_cairo_tiling_very_big, layout_stronghold, uniq_josephine,
          uniq_harold, uniq_gastronok, uniq_grum
D:12:     layout_long_grid, kennysheep_small_circle, uniq_snorg
D:13:     layout_loops_ring, ebering_ghost_xom, special_room [special_room_bee],
          roderic_lattice_a

Skill      XL: |  1  2  3  4  5  6  7  8  9 10 11 12 |
---------------+-------------------------------------+-----
Armour         | 4 5 6 7 8 |  8.0
Staves         | 3 5 7 9 12 13 | 13.3
Dodging        | 1 2 3 4 6 7 |  7.3
Short Blades   | 1 2 4 |  4.3
Fighting       | 4 5 6 7 |  7.0
Shields        | 5 6 7 9 |  9.0
Polearms       | 7 |  7.5

Action                     |  1- 3 |  4- 6 |  7- 9 | 10-12 | 13-15 || total
---------------------------+-------+-------+-------+-------+-------++-------
  Melee: Quarterstaff      |    86 |       |   199 |   480 |       ||   765
         Dagger            |     3 |   165 |    78 |       |       ||   246
         Pseudopods        |       |       |    52 |    12 |       ||    64
         Glaive            |       |       |       |   123 |    14 ||   137
         Kick              |       |       |       |    52 |     9 ||    61
Ability: Dig               |       |     3 |     1 |       |       ||     4
    Use: Scroll            |       |     7 |     5 |    13 |       ||    25
         Potion            |       |       |     2 |     2 |       ||     4
   Stab: Sleeping          |       |       |       |       |     1 ||     1
 Armour: Scale mail        |    38 |    42 |    44 |       |       ||   124
         Swamp dragon scal |       |       |     5 |   122 |     5 ||   132
  Dodge: Dodged            |    49 |    57 |   147 |   400 |     9 ||   662
  Block: Buckler           |    28 |    36 |    21 |       |       ||    85
         Kite shield       |       |       |    71 |   375 |    10 ||   456

Table legend: (Time is in decaauts)
 A = Elapsed time spent in this place.
 B = Non-inter-level travel time spent in this place.
 C = Inter-level travel time spent in this place.
 D = Time resting spent in this place.
 E = Time spent auto-exploring this place.
 F = Levels seen in this place.
 G = Mean time per level.
                   A        B        C        D        E       F      G
               +--------+--------+--------+--------+--------+-----+--------+
         Total |  10221 |   9967 |    254 |    374 |   6070 |  15 |  681.4 |
       Dungeon |   9866 |   9612 |    254 |    374 |   6056 |  13 |  758.9 |
         Sewer |     89 |     89 |      0 |      0 |     14 |   1 |   89.0 |
       Ossuary |    265 |    265 |      0 |      0 |      0 |   1 |  265.0 |
               +--------+--------+--------+--------+--------+-----+--------+

Top non-repeatable levels by time:
    D:10: 1244 daAuts
     D:3: 1050 daAuts
     D:4: 954 daAuts
    D:11: 919 daAuts
     D:8: 824 daAuts
     D:7: 817 daAuts
     D:9: 722 daAuts
     D:2: 703 daAuts
     D:1: 671 daAuts
     D:6: 654 daAuts
    D:12: 637 daAuts
     D:5: 634 daAuts
 Ossuary: 265 daAuts
   Sewer: 89 daAuts
    D:13: 31 daAuts
